 Dungeon Crawl Stone Soup version 0.29.1-2-gbd0b4ee654 (webtiles) character file.

Game seed: 10892473120324203360

300 JacoesBerries the Conjurer (level 6, -1/32 HPs)
             Began as a Deep Elf Conjurer on Nov 9, 2022.
             Was an Initiate of Makhleb.
             Slain by a gnoll
             ... wielding a +0 quarterstaff
              (13 damage)
             ... on level 4 of the Dungeon.
             The game lasted 00:07:07 (4252 turns).

JacoesBerries the Conjurer (Deep Elf Conjurer)      Turns: 4252, Time: 00:07:08

Health: -1/32      AC:  3    Str:  4    XL:     6   Next: 13%
Magic:  0/16       EV: 12    Int: 31    God:    Makhleb [......]
Gold:   194        SH:  0    Dex: 13    Spells: 5/16 levels left

rFire   . . .      SeeInvis .   (no weapon)
rCold   . . .      Faith    .   (no shield)
rNeg    . . .      Spirit   .   a - +0 robe
rPois   .          Reflect  .   (no helmet)
rElec   .          Harm     .   (no cloak)
rCorr   .          Rampage  .   (no gloves)
Will    .....                   s - +0 pair of boots
Stlth   ++........              (no amulet)
HPRegen 0.10/turn               o - ring of wizardry
MPRegen 0.15/turn               r - +6 ring of intelligence

@: no status effects
A: no striking features
a: Renounce Religion


You were on level 4 of the Dungeon.
You worshipped Makhleb.
Makhleb was noncommittal.
You visited 1 branch of the dungeon, and saw 4 of its levels.

You collected 194 gold pieces.

Inventory:

Hand Weapons
 i - a +0 shortbow
 n - a +0 quarterstaff
Armour
 a - a +0 robe (worn)
 m - the +3 ring mail of Agoecoku {rN++}
   (You found it on level 2 of the Dungeon)

   rN:        It greatly protects you from negative energy.
 s - a +0 pair of boots (worn)
Jewellery
 o - a ring of wizardry (left hand)
 r - a +6 ring of intelligence (right hand)
Scrolls
 d - a scroll of fear {unknown}
 g - a scroll of magic mapping {unknown}
 h - a scroll of fog {unknown}
 k - a scroll of teleportation {unknown}
 l - 4 scrolls of identify {unknown}
 q - a scroll of poison {unknown}
 u - a scroll of silence {unknown}
 v - a scroll of immolation {unknown}
 y - a scroll of vulnerability {unknown}
Potions
 b - a potion of magic
 c - a potion of heal wounds {unknown}
 e - a potion of flight {unknown}
 f - 4 potions of curing {unknown}
 j - a potion of resistance {unknown}
 p - a potion of might {unknown}
 t - 2 potions of attraction {unknown}
 w - a potion of haste {unknown}
 x - a potion of cancellation {unknown}
 z - a potion of lignification {unknown}


   Skills:
 + Level 2.9 Dodging
 + Level 3.5 Stealth
 + Level 5.7 Spellcasting
 + Level 6.4 Conjurations
 + Level 0.1 Hexes


You had 5 spell levels left.
You knew the following spells:

 Your Spells              Type           Power      Damage    Failure   Level
a - Magic Dart            Conj           100%       1d8       1%          1
b - Searing Ray           Conj           98%        2d8       1%          2
c - Fulminant Prism       Conj/Hex       14%        3d9       5%          4
d - Sticky Flame          Conj/Fire      28%        2d5       5%          4

Your spell library contained the following spells:

 Spells                   Type           Power      Damage    Failure   Level
 Sting                    Tmut/Pois      32%        1d4       1%          1
 Conjure Flame            Conj/Fire      28%        6-21      1%          3
 Dazzling Flash           Conj/Hex       58%        N/A       1%          3
 Ensorcelled Hibernation  Hex/Ice        18%        N/A       3%          2
 Poisonous Vapours        Pois/Air       16%        N/A       3%          2
 Iskenderun's Mystic Bla  Conj/Tloc      28%        2d7       5%          4
 Ignite Poison            Fire/Tmut/Pois 8%         N/A       6%          3
 Spider Form              Tmut/Pois      8%         N/A       6%          3
 Anguish                  Hex/Necr       4%         N/A       21%         4
 Olgreb's Toxic Radiance  Pois           8%         N/A       21%         4


Dungeon Overview and Level Annotations

Branches:
Dungeon (4/15)
 Temple: D:4-7

Altars:
Makhleb
Ru
Vehumet

Shops:
D:1 *[[[:


Message History

You kill the gnoll!
Makhleb accepts your kill.
A gnoll comes into view. It is wielding a +0 quarterstaff.
Found a flail.
Casting: Searing Ray (safe; 1% risk of failure)
Confirm with . or Enter, or press ? or * to list all spells.
Aiming: Searing Ray (safe; 1% risk of failure)
Press: ? - help, Shift-Dir - straight line, f - gnoll
Aim: a gnoll, wielding a +0 spear (85% to hit)
The searing ray hits the gnoll.
The gnoll is moderately wounded.
The searing ray hits the gnoll!
The gnoll is heavily wounded. (Press . to maintain the ray.)
A hobgoblin comes into view.
The searing ray hits the gnoll.
You kill the gnoll!
Makhleb accepts your kill.
Without enough magic to sustain it, your searing ray dissipates.
You hear the quick rusting of a distant drain.
The gnoll barely misses you.
The gnoll hits you with a +0 quarterstaff.
The gnoll attacks as you move away! The gnoll closely misses you.
The gnoll attacks as you move away!
The gnoll hits you with a +0 quarterstaff.
The gnoll attacks as you move away!
The gnoll hits you with a +0 quarterstaff.
You open the door.
The gnoll hits you with a +0 quarterstaff!
There is an open door here.
Casting: Searing Ray (safe; 1% risk of failure)
Confirm with . or Enter, or press ? or * to list all spells.
Aiming: Magic Dart (safe; 1% risk of failure)
Press: ? - help, Shift-Dir - straight line, f - gnoll
Aim: a gnoll, wielding a +0 quarterstaff (moderately wounded, 100% to hit)
The magic dart hits the gnoll.
The gnoll is heavily wounded.
The hobgoblin shouts!
The gnoll hits you with a +0 quarterstaff!
You die...

.#...# . .#...#
.#...# .....#
####### ###########
.<...# .......
#.........# .....#
....... ##.........#
....## .......
#..........# ##.##
.......##....?.....#
#..
.......@g..........#
# ###.
.......###........?#
# # .......
#....g....#####
.......
#...)....).....
.......
#..............
#####..
#####.)...##### ###
#'##### ...) ####
..... #...


You could see a gnoll and a hobgoblin.

Vanquished Creatures
  An ogre (D:4)
  A hound (D:4)
  2 gnolls (D:4)
  9 adders
  4 worms
  An orc (D:3)
  4 bats
  5 endoplasms
  4 giant cockroaches
  2 goblins
  6 hobgoblins
  6 jackals
  5 kobolds
  2 quokkas
  8 ball pythons
  A frilled lizard (D:3)
  4 rats
65 creatures vanquished.

Vanquished Creatures (others)
  A fulminant prism (D:4)
  7 plants (D:2)
8 creatures vanquished.

Grand Total: 73 creatures vanquished

Notes
Turn   | Place    | Note
-------+----------+-------------------------------------------
     0 | D:1      | JacoesBerries the Deep Elf Conjurer began the quest for the
                  | Orb.
     0 | D:1      | Reached XP level 1. HP: 10/10 MP: 6/6
    41 | D:1      | Found Qygroz's Armour Boutique.
   495 | D:1      | Reached XP level 2. HP: 15/15 MP: 6/8
   498 | D:1      | Learned a level 2 spell: Searing Ray
   538 | D:1      | Found Mupry's Book Shoppe.
   643 | D:1      | Found Ujiciatt's Antique Armour Shop.
   682 | D:1      | Found Toleuku's Antique Armour Emporium.
   784 | D:1      | Found Zeliuck's General Store.
  1011 | D:2      | Reached skill level 5 in Conjurations
  1194 | D:2      | Reached XP level 3. HP: 19/19 MP: 7/9
  1549 | D:2      | Identified the +3 ring mail of Agoecoku {rN++}
  1678 | D:2      | Reached XP level 4. HP: 24/24 MP: 5/11
  1976 | D:3      | Found a sacrificial altar of Ru.
  2563 | D:3      | Found a faded altar of an unknown god.
  3329 | D:3      | Found a burning altar of Makhleb.
  3681 | D:3      | Became a worshipper of Makhleb the Destroyer
  3739 | D:4      | Reached skill level 6 in Conjurations
  3739 | D:4      | Reached XP level 5. HP: 28/28 MP: 10/14
  3744 | D:4      | Learned a level 4 spell: Fulminant Prism
  3749 | D:4      | Learned a level 4 spell: Sticky Flame
  3772 | D:4      | Found a radiant altar of Vehumet.
  3991 | D:4      | Reached skill level 5 in Spellcasting
  4222 | D:4      | Noticed an ogre
  4227 | D:4      | Killed an ogre
  4228 | D:4      | Reached XP level 6. HP: 28/32 MP: 7/16
  4252 | D:4      | Slain by a gnoll

Illustrated notes

Levels and vault maps discovered:
D:1:      dpeg_arrival_radiant, layout_basic, serial_shops, shop,
          shop_fountains, nicolae_shop_trees, shop, shop_coins,
          serial_park_tiny_2, minivault_19
D:2:      cheibrodos_old_hovel, layout_rooms, serial_bayou_ford_a
D:3:      minmay_general_purpose_star, layout_basic, lemuel_crystal_altar,
          nicolae_ru_awakened_eye, basic_ecumenical_altar, grunt_decor_cap,
          minmay_shallow_snake_nest
D:4:      layout_basic, mainiacjoe_overflow_tiny_flanked, portal_sewer_entry_b,
          dk_vineyard_1, minivault_14, grunt_ministairs_10,
          chequers_serial_rivers_small_b, chequers_garden

Skill      XL: |  1  2  3  4  5 |
---------------+----------------+-----
Conjurations   | 5 6 |  6.4
Spellcasting   | 4 5 |  5.7
Stealth        | 3 |  3.5
Dodging        | |  2.9
Hexes          | |  0.1

Action                   |  1- 3 |  4- 6 || total
-------------------------+-------+-------++-------
 Cast: Magic Dart        |    50 |    66 ||   116
       Searing Ray       |     1 |    14 ||    15
       Fulminant Prism   |       |     1 ||     1
Armor: Robe              |     4 |     5 ||     9
Dodge: Dodged            |     5 |    14 ||    19
